 Dungeon Crawl Stone Soup version 0.30-a0-651-g0755cc6dcf (webtiles) character file.

Game seed: 12113049725108148899

27197 Rrauwl the Markstengu (level 13, -8/72 HPs)
             Began as a Tengu Hunter on Jan 18, 2023.
             Was a High Priest of Dithmenos.
             Mangled by Erica
             ... wielding a +4 scimitar of flaming
              (10 damage)
             ... on level 11 of the Dungeon.
             The game lasted 00:59:58 (17604 turns).

Rrauwl the Markstengu (Tengu Hunter)               Turns: 17604, Time: 00:59:59

Health: -8/72      AC:  9    Str: 15    XL:     13   Next: 30%
Magic:  0/14       EV: 29    Int:  7    God:    Dithmenos [*****.]
Gold:   340        SH:  0    Dex: 24    Spells: 9/12 levels left

rFire   . . .      SeeInvis .    b - +6 mace "Ekamig" {freeze, rN+ Will+ Str+4}
rCold   . . .      Faith    .    (no shield)
rNeg    + . .      Spirit   +    r - +1 steam dragon scales
rPois   .          Reflect  .    x - +2 hat
rElec   .          Harm     .    v - scarf {shadows}
rCorr   .          Rampage  .    (no gloves)
Will    ++...      Clarity  +    (boots unavailable)
Stlth   +++++                    k - amulet of guardian spirit
HPRegen 0.32/turn                j - +5 ring of evasion
MPRegen 0.14/turn                B - ring of willpower

@: flying quickly and evasively, wreathed by umbra, quick
A: beak, talons 3, nimble flight, clarity, dopey 1, subdued magic 1
a: Renounce Religion, Shadow Step, Shadow Form


You were on level 11 of the Dungeon.
You worshipped Dithmenos.
Dithmenos was extremely pleased with you.
You visited 3 branches of the dungeon, and saw 15 of its levels.

You collected 725 gold pieces.
You spent 385 gold pieces at shops.

Inventory:

Hand Weapons
 a - a +3 longbow of chaos
 b - the +6 mace "Ekamig" (weapon) {freeze, rN+ Will+ Str+4}
   (You found it on level 4 of the Dungeon)

   Str:       It affects your strength (+4).
   rN:        It protects you from negative energy.
   Will:      It increases your willpower.
Armour
 r - +1 steam dragon scales (worn)
 v - a scarf of shadows (worn)
 x - a +2 hat (worn)
Jewellery
 j - a +5 ring of evasion (left hand)
 k - an amulet of guardian spirit (around neck)
 n - an amulet of the acrobat
 w - a ring of positive energy
 B - a ring of willpower (right hand)
Wands
 f - a wand of paralysis (2)
 l - a wand of flame (13)
 p - a wand of polymorph (13)
 t - a wand of iceblast (9)
Scrolls
 d - 17 scrolls of identify
 g - a scroll of amnesia
 m - 2 scrolls of immolation
 o - a scroll of poison
 s - 3 scrolls of teleportation
 y - 3 scrolls of vulnerability
 C - 2 scrolls of enchant armour
Potions
 c - a potion of brilliance
 e - 6 potions of curing
 h - 2 potions of ambrosia
 i - 2 potions of attraction
 q - 2 potions of lignification
 A - a potion of cancellation
Miscellaneous
 u - a phial of floods


   Skills:
 - Level 5.0 Fighting
 + Level 11.8 Maces & Flails
 + Level 17.1 Ranged Weapons
 - Level 5.0 Armour
 - Level 10.0 Dodging
 - Level 5.0 Stealth


You had 9 spell levels left.
You knew the following spells:

 Your Spells              Type           Power      Damage    Failure   Level
a - Portal Projectile     Hex/Tloc       0%         N/A       77%         3

Your spell library contained the following spells:

 Spells                   Type           Power      Damage    Failure   Level
 Magic Dart               Conj           0%         1d3       38%         1
 Sting                    Tmut/Pois      0%         1d3       38%         1
 Poisonous Vapours        Pois/Air       0%         N/A       52%         2
 Searing Ray              Conj           0%         2d4       52%         2
 Hailstorm                Conj/Ice       0%         3d3       77%         3
 Ignite Poison            Fire/Tmut/Pois 0%         N/A       77%         3
 Ozocubu's Armour         Ice            0%         N/A       77%         3
 Tukima's Dance           Hex            0%         N/A       77%         3
 Fulminant Prism          Conj/Hex       0%         3d5       99%         4
 Ice Form                 Ice/Tmut       0%         N/A       99%         4
 Olgreb's Toxic Radiance  Pois           0%         N/A       99%         4
 Sticky Flame             Conj/Fire      0%         2d3       99%         4
 Summon Ice Beast         Ice/Summ       0%         N/A       99%         4
 Blade Hands              Tmut           0%         N/A       100%        5
 Summon Mana Viper        Hex/Summ       0%         N/A       100%        5
 Simulacrum               Ice/Necr       0%         N/A       100%        6
 Monstrous Menagerie      Summ           0%         N/A       100%        7
 Ozocubu's Refrigeration  Ice            0%         4d7       100%        7
 Ignition                 Fire           0%         3d3       100%        8


Dungeon Overview and Level Annotations

Branches:
Dungeon (11/15)            Temple (1/1) D:4            Lair (3/5) D:10
 Shoals (0/4) Lair:2       Spider (0/4) Lair:2          Orc (0/2) D:11

Altars:
Ashenzari
Cheibriados
Dithmenos
Elyvilon
Fedhas
Gozag
Hepliaklqana
Kikubaaqudgha
Makhleb
Nemelex Xobeh
Okawaru
Qazlal
Ru
Sif Muna
Trog
Uskayaw
Vehumet
Wu Jian
Xom
Yredelemnul
Zin
The Shining One

Shops:
D:4 (   D:7 *?

Portals:
Trove: D:10 (give +6 ice dragon scales)

Annotations:
D:5 2 transporters, TimeIsEndless's ghost, novice VSBr
D:11 Erica
Lair:1 3 runed translucent doors, pantherbaby0's ghost, journeyman DsDe


Innate Abilities, Weirdness & Mutations

You have a beak for a mouth.
You have claws for feet.
Your magical nature lets you fly swiftly and evasively.
You possess an exceptional clarity of mind.
You are dopey. (Int -2)
Your spells are a little easier to cast, but a little less powerful.


Message History

Press: ? - help, Q - select action, (/) - cycle Shift-Dir - straight line You shoot an arrow.
Fire: a) +3 longbow (chaos)
Press: ? - help, Q - select action, (/) - cycle Shift-Dir - straight line You shoot an arrow.
Your shadow shoots an arrow.
Fire: a) +3 longbow (chaos)
Press: ? - help, Q - select action, (/) - cycle Shift-Dir - straight line You shoot an arrow.
You feel stronger.
The +6 mace "Ekamig" {freeze, rN+ Will+ Str+4} glows with a cold blue light!
b - the +6 mace "Ekamig" (weapon)
{freeze, rN+ Will+ Str+4} You hear some strange, mumbled words.
Something tries to affect you, but you resist.
You hit something. You freeze something. You peck something.
Something hits you! Something burns you.
You miss something. You claw something. Your peck misses something.
You hear some strange, mumbled words.
A bolt of poison appears from out of thin air!
The bolt of poison hits you!!
You are poisoned.
* * * LOW HITPOINT WARNING * * *
You emit a cloud of dark smoke.
Okay, then.
You feel better.
You hear some strange, mumbled words.
A lance of force appears from out of thin air!
The lance of force misses you.
You hear some strange, mumbled words.
A bolt of poison appears from out of thin air!
The bolt of poison misses you.
You closely miss something. Your peck misses something. Something hits you!
* * * LOW HITPOINT WARNING * * *
Something burns you.
* * * LOW HITPOINT WARNING * * *
Okay, then.
You closely miss something. You claw something. You peck something.
Something closely misses you.
You miss something. You claw something. Your peck misses something.
Something hits you!
You die...

####.......##........)).
##..........#..###8...8#.
>....[........## ###)###.
..............# #.)...#.
.....)........# #.....#.
......<...^...## #.._..#.
......§§§§§....# #.....#.
......§§§§§....# #.....##
.>....§{@§§....# ########
......§§§§###### #####
..###.§.§....#####...###
.. ######......##.....##
..###### #####...........
##......#####
####........
............### #......(.
#.............# #........
..............# #........


There were no monsters in sight!

Vanquished Creatures
  Gastronok (D:9)
  2 hydras
  Erolcha (D:9)
  A centaur warrior (D:11)
  2 two-headed ogres
  A boulder beetle (D:11)
  4 death yaks
  Pikel (D:7)
  2 cyclopes (D:11)
  A black mamba (Lair:2)
  4 elephants (Lair:3)
  2 gargoyles
  3 cane toads
  A rime drake (Lair:2)
  Maggie (D:6)
  4 komodo dragons
  2 polar bears
  10 blink frogs (Lair:2)
  Grinder (D:5)
  3 hornets
  4 dream sheep (Lair:2)
  A snapping turtle (Lair:2)
  Sigmund (D:5)
  4 culicivoras (Lair:2)
  3 wyverns
  13 yaks
  A shadow (D:9)
  2 basilisks
  Eustachio (D:6)
  3 steam dragons
  Edmund (D:4)
  An acid dragon (D:11)
  4 water moccasins
  3 orc warriors
  The ghost of mrchoslav the Shield-Bearer, an amateur MiFi (D:3)
  3 ice beasts
  A black bear (D:5)
  3 ogres
  5 wolves
  A lemure (D:7)
  2 kobold brigands (D:8)
  Blork the orc (D:6)
  9 bullfrogs
  A scorpion (D:6)
  5 gnoll sergeants
  3 necrophages
  17 killer bees
  2 howler monkeys
  9 electric eels
  A jelly (D:4)
  5 hounds
  3 gnoll boudas
  7 orc priests
  3 iguanas
  9 orc wizards
  42 gnolls
  5 adders
  3 white imps
  2 adder zombies (D:3)
  A worm (D:3)
  4 dart slugs
  53 orcs
  4 endoplasms
  6 goblins
  5 hobgoblins
  2 jackals (D:2)
  3 quokkas
  3 training dummies (D:4)
  7 ball pythons
  5 bats
  6 frilled lizards
  15 kobolds
346 creatures vanquished.

Vanquished Creatures (others)
  17 fungi
  60 plants
77 creatures vanquished.

Grand Total: 423 creatures vanquished

Notes
Turn   | Place    | Note
-------+----------+-------------------------------------------
     0 | D:1      | Rrauwl the Tengu Hunter began the quest for the Orb.
     0 | D:1      | Reached XP level 1. HP: 12/12 MP: 2/2
   408 | D:1      | Reached XP level 2. HP: 17/17 MP: 3/3
  1273 | D:2      | Found a faded altar of an unknown god.
  1629 | D:2      | Reached XP level 3. HP: 13/21 MP: 4/4
  1940 | D:3      | Reached skill level 5 in Ranged Weapons
  2112 | D:3      | Reached XP level 4. HP: 18/26 MP: 5/5
  2210 | D:3      | Found a runed translucent gate.
  2210 | D:3      | Found a runed translucent gate.
  2210 | D:3      | Found a runed translucent gate.
  2210 | D:3      | Noticed mrchoslav's ghost (amateur MiFi)
  2213 | D:3      | Found a basalt altar of Yredelemnul.
  2722 | D:3      | Gained mutation: Your magical nature lets you fly swiftly
                  | and evasively. [Tengu growth]
  2722 | D:3      | Reached XP level 5. HP: 22/30 MP: 6/6
  2800 | D:3      | Reached skill level 6 in Ranged Weapons
  2918 | D:4      | Found a sacrificial altar of Ru.
  3165 | D:4      | Found Bihothri's Firing Range.
  3167 | D:4      | Noticed Edmund
  3524 | D:4      | Found a staircase to the Ecumenical Temple.
  3531 | Temple   | Entered the Ecumenical Temple
  3689 | Temple   | Became a worshipper of Dithmenos the Shadowed
  3889 | D:4      | Reached XP level 6. HP: 20/35 MP: 7/7
  3963 | D:4      | Reached skill level 7 in Ranged Weapons
  3978 | D:4      | Identified the +6 mace "Ekamig" {freeze, rN+ Will+ Str+4}
  4071 | D:4      | Killed Edmund
  4072 | D:4      | Reached skill level 8 in Ranged Weapons
  4262 | D:4      | Reached XP level 7. HP: 40/40 MP: 8/8
  4395 | D:4      | Reached * piety under Dithmenos
  4477 | D:4      | Gained mutation: You occasionally shout uncontrollably at
                  | your foes. [potion of mutation]
  4478 | D:4      | Lost mutation: You occasionally shout uncontrollably at
                  | your foes. [potion of mutation]
  4478 | D:4      | Gained mutation: You are strong-willed. (Will+) [potion of
                  | mutation]
  4478 | D:4      | Gained mutation: You are clumsy. (Dex -2) [potion of
                  | mutation]
  4738 | D:3      | Killed mrchoslav's ghost
  4739 | D:3      | Reached skill level 9 in Ranged Weapons
  4806 | D:5      | Entered Level 5 of the Dungeon
  4821 | D:5      | Noticed Grinder
  4852 | D:5      | Killed Grinder
  4853 | D:5      | Reached skill level 10 in Ranged Weapons
  4853 | D:5      | Reached XP level 8. HP: 44/44 MP: 9/9
  4866 | D:5      | Found a transporter.
  4868 | D:5      | Noticed TimeIsEndless's ghost (novice VSBr)
  4869 | D:5      | Found a transporter.
  4874 | D:5      | Identified the +11 great mace of the Destroying Lamprey
                  | {heavy, Contam rCorr SInv}
  4880 | D:5      | Noticed Sigmund
  5271 | D:5      | Killed Sigmund
  5272 | D:5      | Reached skill level 11 in Ranged Weapons
  6111 | D:6      | Noticed Maggie
  6220 | D:6      | Killed Maggie
  6221 | D:6      | Reached skill level 12 in Ranged Weapons
  6221 | D:6      | Reached XP level 9. HP: 24/48 MP: 10/10
  6331 | D:6      | Noticed Blork the orc
  6331 | D:6      | Noticed Eustachio
  6481 | D:6      | Killed Eustachio
  6481 | D:6      | Reached ** piety under Dithmenos
  6482 | D:6      | Reached skill level 13 in Ranged Weapons
  6568 | D:6      | Killed Blork the orc
  7055 | D:6      | Lost mutation: You are clumsy. (Dex -2) [potion of
                  | mutation]
  7055 | D:6      | Lost mutation: You are strong-willed. (Will+) [potion of
                  | mutation]
  7055 | D:6      | Gained mutation: You occasionally lose the ability to drink
                  | potions when taking damage. [potion of mutation]
  7055 | D:6      | Gained mutation: Your spells are a little easier to cast,
                  | but a little less powerful. [potion of mutation]
  7055 | D:6      | Gained mutation: Your spells are easier to cast, but less
                  | powerful. [potion of mutation]
  7157 | D:6      | Lost mutation: You occasionally lose the ability to drink
                  | potions when taking damage. [potion of mutation]
  7157 | D:6      | Lost mutation: Your spells are easier to cast, but less
                  | powerful. [potion of mutation]
  7157 | D:6      | Gained mutation: You are dopey. (Int -2) [potion of
                  | mutation]
  7157 | D:6      | Gained mutation: You possess an exceptional clarity of
                  | mind. [potion of mutation]
  7344 | D:7      | Reached skill level 14 in Ranged Weapons
  7534 | D:7      | Found Affioti's Assorted Antiques.
  7535 | D:7      | Found Xedwirod's Magic Scroll Boutique.
  7547 | D:7      | Reached skill level 1 in Armour
  7691 | D:7      | Bought a scroll of enchant armour for 120 gold pieces
  7691 | D:7      | Bought a scroll of teleportation for 48 gold pieces
  7691 | D:7      | Bought a scroll of brand weapon for 152 gold pieces
  7872 | D:7      | Noticed Pikel
  7884 | D:7      | Killed Pikel
  7885 | D:7      | Reached XP level 10. HP: 27/53 MP: 11/11
  8506 | D:7      | Reached skill level 15 in Ranged Weapons
  8506 | D:7      | Reached skill level 5 in Armour
  8944 | D:8      | Found a hide-covered altar of Uskayaw.
  8947 | D:8      | Noticed a gargoyle
  8963 | D:8      | Reached *** piety under Dithmenos
  9067 | D:8      | Found a transporter.
  9068 | D:8      | Found a transporter.
  9186 | D:8      | Paralysed by a hornet for 2 turns
  9367 | D:8      | Noticed a two-headed ogre
  9503 | D:8      | Killed a gargoyle
  9532 | D:7      | Killed a two-headed ogre
  9533 | D:7      | Reached skill level 5 in Dodging
  9569 | D:8      | Found a transporter.
  9572 | D:8      | Found a transporter.
  9684 | D:8      | Found a transporter.
  9692 | D:8      | Found a transporter.
 10119 | D:9      | Reached XP level 11. HP: 57/57 MP: 12/12
 10481 | D:9      | Reached skill level 16 in Ranged Weapons
 10487 | D:9      | Reached **** piety under Dithmenos
 10513 | D:9      | Reached skill level 5 in Stealth
 10736 | D:9      | Noticed Erolcha
 10869 | D:9      | Noticed Gastronok
 10894 | D:9      | Killed Gastronok
 11173 | D:9      | Killed Erolcha
 11310 | D:10     | Entered Level 10 of the Dungeon
 11336 | D:10     | Learned a level 3 spell: Portal Projectile
 11649 | D:10     | Found a portal to a secret trove of treasure.
 11762 | D:10     | Found a staircase to the Lair.
 12258 | Lair:1   | Entered Level 1 of the Lair of Beasts
 12345 | Lair:1   | Reached skill level 10 in Dodging
 12498 | Lair:1   | Found a runed translucent gate.
 12499 | Lair:1   | Found a runed translucent gate.
 12500 | Lair:1   | Found a runed translucent gate.
 12501 | Lair:1   | Noticed a spectral death yak
 12677 | Lair:1   | Reached skill level 1 in Maces & Flails
 12988 | Lair:1   | Noticed pantherbaby0's ghost (journeyman DsDe)
 13216 | Lair:2   | Reached XP level 12. HP: 68/68 MP: 13/13
 13224 | Lair:2   | Reached skill level 5 in Fighting
 13250 | Lair:2   | Noticed a five-headed hydra
 13268 | Lair:2   | Killed a five-headed hydra
 13269 | Lair:2   | Reached skill level 5 in Maces & Flails
 13420 | Lair:2   | Reached ***** piety under Dithmenos
 13785 | Lair:2   | Found a staircase to the Shoals.
 14602 | Lair:2   | Found a hole to the Spider Nest.
 15414 | D:4      | Bought a +0 longbow for 65 gold pieces
 15848 | Lair:3   | Reached skill level 10 in Maces & Flails
 15859 | Lair:3   | Noticed a six-headed hydra
 15936 | Lair:3   | Killed a six-headed hydra
 15949 | Lair:3   | Noticed a death yak
 16039 | Lair:3   | Noticed a death yak
 16040 | Lair:3   | Noticed a death yak
 16068 | Lair:2   | Killed a death yak
 16491 | Lair:3   | Killed a death yak
 16492 | Lair:3   | Reached XP level 13. HP: 72/72 MP: 14/14
 16674 | D:11     | Noticed Erica
 17046 | D:11     | Found a staircase to the Orcish Mines.
 17150 | D:11     | Reached skill level 17 in Ranged Weapons
 17602 | D:11     | HP: 1/72 [something (5)]
 17604 | D:11     | Mangled by Erica

Illustrated notes

Levels and vault maps discovered:
D:1:      minmay_arrival_nine_rooms, layout_basic
D:2:      layout_basic, hellmonk_ecumenical_altar_inner_sanctum
D:3:      layout_basic, nicolae_yredelemnul_ghost_church
D:4:      layout_loops_ring, hangedman_ru_absence,
          minmay_temple_entry_enclosed_plants, nicolae_shop_firing_range,
          uniq_edmund
D:5:      layout_basic, gammafunk_ghost_smash, uniq_sigmund, uniq_grinder
D:6:      layout_rooms, uniq_maggie, uniq_blork_the_orc, uniq_eustachio
D:7:      layout_basic, serial_bayou, serial_bayou_lagoon_b,
          serial_bayou_pond_a, serial_bayou_pond_a, serial_bayou_pond_e,
          nicolae_wooded_promenade, fountainhead, uniq_pikel
D:8:      layout_cave_pools, mainiacjoe_overflow_catwalk, serial_nicolae_subway,
          nicolae_sub_station_metal, nicolae_sub_station_stone,
          nicolae_sub_station_crystal
D:9:      layout_basic, uniq_erolcha, uniq_gastronok
D:10:     layout_irregular_city, lair_entry_dummy, nicolae_trove_entry_isolated
D:11:     layout_cave_pods, minmay_orc_entry_temple_small, minivault_25_ag,
          uniq_sonja, uniq_erica
Temple:   nicolae_temple_bog_church
Lair:1:   layout_big_grid, gammafunk_ghost_necromancy
Lair:2:   layout_long_grid, minmay_shoals_entry_hut,
          hellmonk_spider_entry_life_and_decay, chequers_serial_rivers_micro_a
Lair:3:   layout_gridlike, infiniplex_staircase_pool_2

Skill      XL: |  1  2  3  4  5  6  7  8  9 10 11 12 13 |
---------------+----------------------------------------+-----
Dodging        | 3 4 6 10 | 10.0
Ranged Weapons | 5 6 8 10 12 14 15 16 17 | 17.1
Armour         | 3 5 |  5.0
Stealth        | 4 5 |  5.0
Fighting       | 4 5 |  5.0
Maces & Flails | 3 10 11 | 11.8

Action                   |  1- 3 |  4- 6 |  7- 9 | 10-12 | 13-15 || total
-------------------------+-------+-------+-------+-------+-------++-------
Melee: Mace              |       |    18 |    57 |   122 |     5 ||   202
       Kick              |       |     8 |    22 |    45 |     3 ||    78
       Peck              |       |     3 |    17 |    42 |     2 ||    64
       Punch             |       |       |       |     1 |       ||     1
 Fire: Shortbow          |   102 |   107 |   301 |   726 |       ||  1236
       Longbow           |       |       |       |    58 |   116 ||   174
Throw: Throwing net      |       |     1 |       |     1 |       ||     2
Evoke: Wand              |       |       |     4 |    27 |     2 ||    33
  Use: Potion            |     6 |     5 |     9 |     8 |     3 ||    31
       Scroll            |     2 |     2 |     6 |    13 |     2 ||    25
 Stab: Held in net/web   |       |     1 |       |       |       ||     1
       Paralysed         |       |       |    13 |     1 |       ||    14
       Sleeping          |       |       |       |     1 |       ||     1
Armor: Ring mail         |    10 |    10 |    16 |       |       ||    36
       Leather armour    |     1 |       |       |       |       ||     1
       Steam dragon scal |       |       |     1 |    39 |     2 ||    42
Dodge: Dodged            |    30 |    53 |   115 |   337 |    44 ||   579

Table legend: (Time is in decaauts)
 A = Elapsed time spent in this place.
 B = Non-inter-level travel time spent in this place.
 C = Inter-level travel time spent in this place.
 D = Time resting spent in this place.
 E = Time spent auto-exploring this place.
 F = Levels seen in this place.
 G = Mean time per level.
                   A        B        C        D        E       F      G
               +--------+--------+--------+--------+--------+-----+--------+
         Total |  16559 |  14961 |   1598 |    384 |  11626 |  15 | 1103.9 |
       Dungeon |  12562 |  11248 |   1314 |    322 |   8797 |  11 | 1142.0 |
        Temple |    161 |    115 |     46 |      0 |     98 |   1 |  161.0 |
          Lair |   3835 |   3598 |    237 |     62 |   2730 |   3 | 1278.3 |
               +--------+--------+--------+--------+--------+-----+--------+

Top non-repeatable levels by time:
  Lair:2: 1741 daAuts
     D:7: 1548 daAuts
     D:3: 1499 daAuts
  Lair:3: 1325 daAuts
     D:4: 1303 daAuts
     D:5: 1283 daAuts
     D:9: 1187 daAuts
     D:1: 1138 daAuts
     D:6: 1081 daAuts
    D:10: 1056 daAuts
     D:8: 920 daAuts
     D:2: 817 daAuts
  Lair:1: 768 daAuts
    D:11: 727 daAuts
  Temple: 161 daAuts
